Map: Submarine LE

Players

SpeCial - Winner!

  • Race: Terran Terran
  • Spawn Location: 11:00

Cham

  • Race: Zerg Zerg
  • League: Grandmaster
  • Spawn Location: 5:00

Event: DreamHack SC2 Masters 2020 Fall

VOD

Have the link to the VOD?

Description

Time

  • Played on: Aug. 30, 2020, 5:29 p.m.
  • Length: 10:30

All games in this series

Show
View Real Time Build Order
Export as new Build Order

SpeCial Terran - Winner!

Build Orders: Hellion Banshee 

Get SALT Encoding   

  12  0:00  SCV  
  13  0:12  SCV  
  14  0:17  Supply Depot  
  14  0:24  SCV  
  15  0:39  SCV  
  15  0:40  Barracks  
  16  0:43  Refinery  
  16  0:51  SCV  
  17  0:58  Barracks  
  17  1:03  SCV  
  18  1:15  SCV  
  19  1:27  Orbital Command, Reaper  
  20  1:34  Refinery  
  20  1:46  Supply Depot, Reaper  
  21  1:54  SCV  
  22  2:01  Reaper  
  23  2:07  SCV  
  24  2:16  Command Center  
  25  2:22  SCV  
  25  2:29  Factory  
  25  2:31  Reaper  
  26  2:39  SCV  
  27  2:45  Supply Depot  
  27  2:46  Reaper  
  28  2:51  SCV  
  29  3:04  SCV  
  30  3:16  SCV  
  30  3:17  Factory Reactor, Marine x2  
  33  3:20  Starport  
  33  3:28  SCV  
  33  3:29  Orbital Command  
  34  3:35  Marine x2  
  34  3:40  SCV  
  37  3:52  SCV  
  37  3:53  Marine x2  
  37  3:55  Hellion x2, SCV  
  44  3:57  Medivac  
  47  4:03  Armory  
  47  4:04  SCV  
  44  4:14  Marine  
  44  4:16  Hellion x2  
  48  4:19  SCV  
  48  4:20  Marine  
  50  4:28  Supply Depot  
  51  4:31  Starport Tech Lab, SCV  
  51  4:37  Hellion  
  53  4:44  SCV  
  54  4:49  SCV  
  54  4:50  Hellion  
  55  4:56  Cloaking Field  
  55  4:57  Banshee, SCV  
  59  5:02  Hellion  
  59  5:06  Barracks Tech Lab, Barracks Reactor  
  60  5:08  SCV, Supply Depot  
  60  5:10  SCV  
  62  5:23  Hellion  
  62  5:25  Command Center  
  62  5:27  SCV  
  62  5:28  SCV  
  60  5:37  Marine  
  60  5:40  Banshee, SCV  
  61  5:42  Marine  
  61  5:43  Marine  
  61  5:46  SCV  
  63  5:52  SCV  
  63  5:54  Marine  
  65  6:00  Marine x2  
  60  6:07  Hellion  
  61  6:12  Marine  
  61  6:13  Hellion  
  61  6:15  Supply Depot  
  61  6:16  Supply Depot  
  58  6:18  SCV, Marine x2  
  59  6:29  SCV  
  59  6:30  Marine  
  59  6:31  SCV  
  54  6:36  Marine x2  
  52  6:41  SCV  
  52  6:46  Supply Depot  
  53  6:49  Orbital Command  
  53  6:57  SCV  
  53  6:58  SCV  
  53  6:59  Barracks  
  53  7:00  Factory Tech Lab  
  53  7:01  Stimpack  
  55  7:03  Marine x3  
  58  7:10  SCV x2  
  60  7:16  Engineering Bay x2, Starport Reactor  
  60  7:22  Orbital Command, SCV x2  
  62  7:25  Marine x3  
  62  7:29  Supply Depot  
  65  7:31  Siege Tank  
  65  7:34  SCV x2  
  70  7:43  Marine  
  71  7:44  Terran Infantry Armor Level 1, Terran Infantry Weapons Level 1  
  71  7:45  Refinery  
  71  7:46  SCV x2, Refinery  
  71  7:48  SCV  
  71  7:50  Marine x3  
  77  7:55  Medivac  
  77  7:56  Medivac  
  77  7:58  SCV x2  
  82  8:00  Barracks x2, SCV  
  84  8:06  Marine x2  
  84  8:08  Marine  
  84  8:10  Siege Tank, SCV  
  84  8:11  SCV  
  84  8:12  SCV  
  93  8:20  Marine x2  
  93  8:22  SCV  
  93  8:23  SCV, Marine x2  
  93  8:24  SCV  
  100  8:29  Medivac x2  
  100  8:30  Supply Depot, Marine  
  105  8:34  SCV  
  105  8:35  SCV  
  105  8:37  SCV  
  105  8:38  Marine  
  105  8:40  Combat Shield  
  109  8:43  Marine  
  109  8:46  Marine x2  
  106  8:55  SCV  
  100  8:56  Marine  
  100  8:57  Marine  
  100  8:58  SCV x2  
  101  9:03  Barracks Tech Lab, Siege Tank  
  101  9:09  Supply Depot, Marine x2  
  106  9:15  Marauder, Marine x3  
  111  9:24  Marauder  
  111  9:27  Supply Depot, Marine x2  
  113  9:33  SCV x2, Marine x2  
  113  9:34  Marauder  
  113  9:35  Siege Tank  
  113  9:37  Marauder  
  124  9:40  Supply Depot  
  124  9:43  Supply Depot  
  124  9:44  Marine  
  125  9:48  Marine x2  
  125  9:50  Marine  
  125  9:51  Marine  
  129  9:55  Marauder  
  129  9:58  Marine  
  130  10:03  Marauder  
  130  10:06  Marine x2  
  126  10:08  Marine  
Show
View Real Time Build Order
Export as new Build Order

Cham Zerg 

Build Orders: Hatch First 

Get SALT Encoding   

  12  0:00  Drone  
  13  0:07  Drone  
  14  0:16  Overlord  
  14  0:34  Drone x2  
  16  0:47  Hatchery  
  15  0:51  Drone  
  15  0:54  Drone  
  17  1:01  Drone  
  18  1:10  Extractor  
  17  1:14  Spawning Pool  
  17  1:18  Drone  
  17  1:20  Drone  
  18  1:29  Drone  
  19  1:40  Drone  
  20  1:54  Overlord  
  20  2:00  Queen  
  20  2:01  Queen  
  24  2:02  Zergling x4  
  26  2:16  Metabolic Boost  
  26  2:18  Drone x2  
  28  2:31  Hatchery  
  28  2:35  Zergling x4  
  29  2:44  Queen  
  28  2:46  Zergling x2  
  31  2:54  Zergling x6  
  34  2:59  Overlord  
  34  3:04  Drone  
  35  3:08  Drone  
  35  3:11  Overlord  
  36  3:18  Drone x3  
  39  3:22  Drone  
  40  3:29  Zergling x2  
  40  3:33  Zergling x2  
  42  3:38  Overlord  
  42  3:39  Drone x2  
  42  3:40  Drone  
  45  3:43  Drone x2  
  47  3:50  Zergling x2  
  47  3:52  Drone  
  47  3:53  Drone  
  50  3:58  Roach Warren  
  50  3:59  Extractor  
  50  4:01  Drone  
  45  4:13  Drone x2  
  45  4:14  Overlord  
  45  4:20  Overlord  
  43  4:24  Overlord  
  43  4:26  Overlord  
  43  4:29  Overlord  
  43  4:37  Roach  
  43  4:38  Roach x4  
  53  4:44  Roach  
  55  4:49  Roach x2  
  55  4:51  Zergling x4  
  58  4:53  Zergling x2  
  58  4:56  Zergling x4  
  58  4:59  Zergling x4  
  63  5:06  Zergling x2  
  64  5:09  Overlord  
  64  5:10  Zergling x4  
  64  5:24  Zergling x2  
  64  5:28  Zergling x18  
  73  5:36  Zergling x8  
  73  5:37  Zergling x2  
  74  5:42  Ravager  
  74  5:43  Ravager x4  
  74  5:45  Zergling x2  
  74  5:47  Zergling x4  
  79  5:50  Zergling x2  
  76  6:05  Zergling x2  
  76  6:06  Zergling x8  
  76  6:09  Zergling x4  
  76  6:10  Zergling x4  
  81  6:18  Drone x5  
  77  6:25  Drone  
  77  6:29  Drone x2  
  69  6:34  Drone  
  69  6:36  Lair  
  69  6:37  Drone  
  57  6:41  Drone  
  57  6:44  Extractor x2  
  57  6:46  Drone, Evolution Chamber x2  
  55  6:51  Spore Crawler  
  55  6:52  Spore Crawler  
  55  6:53  Spore Crawler  
  53  6:54  Drone  
  53  6:58  Drone x2  
  53  6:59  Drone  
  56  7:01  Drone  
  56  7:04  Drone  
  56  7:06  Drone x2  
  61  7:08  Drone  
  61  7:14  Zerg Ground Armor Level 1  
  59  7:23  Zerg Missile Weapons Level 1  
  59  7:24  Drone x3  
  59  7:25  Drone x2  
  59  7:29  Drone  
  66  7:30  Drone x2  
  66  7:34  Overlord, Overseer  
  67  7:37  Overlord  
  67  7:44  Glial Reconstitution  
  65  7:46  Drone x2  
  65  7:48  Drone x2  
  65  7:49  Drone  
  70  7:52  Drone  
  70  7:53  Drone  
  70  7:54  Drone  
  70  7:56  Extractor  
  72  8:02  Drone x2  
  72  8:03  Overlord  
  74  8:07  Roach x2  
  78  8:15  Roach  
  78  8:16  Roach  
  78  8:17  Roach x2  
  78  8:19  Roach, Pneumatized Carapace  
  88  8:21  Roach  
  90  8:29  Roach x2  
  90  8:30  Overlord  
  90  8:31  Roach x2  
  90  8:33  Roach  
  100  8:39  Roach x3  
  100  8:40  Roach, Ravager x2  
  110  8:48  Roach x2  
  110  8:51  Roach x2  
  111  8:57  Roach  
  111  8:58  Roach  
  111  9:00  Roach  
  111  9:01  Roach x3  
  111  9:02  Roach x2  
  125  9:08  Roach x3  
  131  9:11  Roach  
  131  9:12  Zergling x2  
  131  9:15  Overlord  
  131  9:16  Overlord  
  134  9:18  Overlord  
  134  9:21  Overlord  
  134  9:24  Overlord  
  134  9:39  Ravager x5  
  134  9:40  Roach x2, Zergling x2  
  134  9:41  Zergling x4  
  134  9:42  Zergling x2  
  134  9:43  Zergling x10  
  150  9:54  Ravager  

Tags
 
Add a new tag
Caveats
  • Supply blocks, unpowered buildings, or Contaminate may cause inaccurate times.
  • Supply counts are checked every 10 seconds.